AoeStats
← ITVE | Jose.Antonio.Paez

Arena

509273908Analyzed
4v4 RM · 6d ago on Sep 26, 2026· 61m 16s· 8 players
Game mode
Random Map
Map size
Large (8 player)
Population
200
Speed
Normal
Resources
Standard
Victory
Conquest
Starting age
Dark Age
Ending age
Imperial Age
RankedLock teamsTeams togetherTeam positionsShared explorationLock speedFull tech treeHidden civsTurbo modeCheats
Victory
Defeat
🇨🇦 Magyars · Canada
1019
+13
🇲🇽 Vikings · Mexico
1000
+14
🇫🇷 Franks · France
977
+14
🇱🇹 Britons · Lithuania
948
+16
🇺🇸 Romans · United States
996
-16
🇪🇨 Aztecs · Ecuador
984
-16
🇨🇱 Malians · Chile
962
-15
🇺🇸 Huns · United States
837
-10
PoacherCrooks
0:33 Loom
11:11 Feudal Age
17:36 Castle Age
15:43 Double-Bit Axe
16:15 Stone Mining
16:51 Gold Mining
21:51 Bow Saw
22:46 Gold Shaft Mining
23:44 Treadmill Crane
29:38 Wheelbarrow
33:30 Imperial Age
32:57 Hand Cart
32:28 Town Watch
32:56 Scale Barding Armor
32:52 Scale Mail Armor
33:02 Forging
33:09 Fortified Wall
33:03 Murder Holes
33:45 Husbandry
34:09 Chain Barding Armor
34:25 Cavalier
37:34 Chivalry
39:27 Conscription
38:30 Paladin
41:10 Hoardings
39:56 Ordonnance Companies
41:17 Iron Casting
41:31 Town Patrol
43:24 Chemistry
42:30 Siege Engineers
42:37 Masonry
42:48 Ballistics
42:48 Chain Mail Armor
44:54 Blast Furnace
44:10 Arrowslits
45:56 Plate Barding Armor
45:51 Plate Mail Armor
46:03 Elite Throwing Axeman
49:29 Arson
49:44 Squires
49:05 Pikeman
49:05 Man-at-Arms
49:30 Gambesons
55:51 Architecture
zilvinasleonavicius84
9:53 Feudal Age
10:35 Double-Bit Axe
10:45 Horse Collar
18:45 Castle Age
17:00 Gold Mining
17:05 Stone Mining
19:41 Bow Saw
19:51 Heavy Plow
19:39 Crossbowman
21:28 Forging
21:59 Gold Shaft Mining
29:19 Imperial Age
26:46 Loom
28:06 Iron Casting
27:27 Fletching
28:52 Wheelbarrow
28:06 Town Watch
29:39 Bodkin Arrow
29:47 Arbalester
37:45 Chemistry
43:48 Blast Furnace
42:49 Bracer
43:07 Fortified Wall
42:52 Murder Holes
43:02 Padded Archer Armor
43:46 Scale Mail Armor
44:36 Hand Cart
45:27 Elite Skirmisher
49:50 Leather Archer Armor
56:41 Cranequins
56:42 Heavy Mounted Crossbowman
58:02 Ring Archer Armor
57:49 Chain Mail Armor
57:40 Scale Barding Armor
56:59 Pikeman
57:40 Squires
58:44 Two-Man Saw
57:47 Town Patrol
62:01 Plate Mail Armor
61:52 Chain Barding Armor
61:46 Fervor
61:53 Block Printing
MA
1:09 Loom
11:14 Feudal Age
13:11 Double-Bit Axe
13:08 Horse Collar
19:38 Castle Age
17:39 Stone Mining
19:13 Gold Mining
19:34 Scale Barding Armor
21:28 Bow Saw
21:30 Heavy Plow
22:05 Husbandry
28:28 Wheelbarrow
29:42 Gold Shaft Mining
30:04 Hand Cart
36:13 Imperial Age
37:17 Chain Barding Armor
37:42 Crop Rotation
38:20 Two-Man Saw
38:27 Chemistry
37:24 Murder Holes
37:51 Cavalier
39:18 Town Watch
40:57 Town Patrol
44:05 Recurve Bow
44:26 Conscription
43:27 Elite Magyar Huszar
44:14 Corvinian Army
44:50 Hoardings
43:45 Sappers
46:25 Paladin
48:47 Plate Barding Armor
48:13 Scale Mail Armor
48:14 Padded Archer Armor
48:04 Fletching
48:37 Ballistics
48:23 Siege Engineers
49:26 Pikeman
49:51 Arson
50:15 Halberdier
55:31 Man-at-Arms
56:12 Long Swordsman
57:32 Two-Handed Swordsman
59:06 Chain Mail Armor
58:47 Bodkin Arrow
59:08 Leather Archer Armor
59:05 Masonry
58:36 Treadmill Crane
58:47 Heated Shot
58:48 Guard Tower
58:27 Champion
EtherealBlue
11:20 Feudal Age
15:25 Castle Age
14:18 Double-Bit Axe
14:15 Horse Collar
14:28 Gold Mining
19:39 Heavy Plow
19:51 Bow Saw
22:19 Loom
23:41 Squires
23:16 Pikeman
24:16 Arson
25:37 Town Watch
28:08 Gold Shaft Mining
27:24 Stone Mining
27:54 Fortified Wall
27:58 Masonry
29:05 Forging
29:00 Scale Barding Armor
28:57 Scale Mail Armor
33:40 Imperial Age
31:04 Man-at-Arms
32:33 Iron Casting
32:14 Chain Mail Armor
32:34 Iron Casting
32:14 Chain Mail Armor
32:02 Murder Holes
32:47 Long Swordsman
33:45 Two-Handed Swordsman
35:04 Conscription
34:43 Champion
38:28 Pikeman
44:36 Chieftains
45:41 Town Patrol
46:36 Crossbowman
47:13 Elite Berserk
50:02 Blast Furnace
49:32 Plate Mail Armor
48:53 Fletching
49:03 Padded Archer Armor
51:21 Plate Mail Armor
53:27 Bodkin Arrow
53:47 Leather Archer Armor
54:09 Crop Rotation
53:34 Arbalester
55:00 Bracer
56:04 Siege Engineers
56:59 Chemistry
58:29 Ring Archer Armor
58:44 Onager
58:45 Capped Ram
58:47 Heavy Scorpion
58:48 Elite Skirmisher
60:35 Two-Man Saw
61:24 Fervor
62:07 Ballistics
62:17 Architecture
61:29 Treadmill Crane
61:52 Caravan
ITVE | Jose.Antonio.Paez
10:02 Feudal Age
13:42 Castle Age
11:47 Double-Bit Axe
19:24 Wheelbarrow
21:02 Bow Saw
26:54 Squires
26:15 Pikeman
27:01 Scale Mail Armor
28:02 Forging
35:49 Town Watch
36:20 Hand Cart
35:51 Loom
39:51 Ballistas
40:04 Chain Mail Armor
40:25 Iron Casting
44:30 Imperial Age
42:32 Scale Barding Armor
42:51 Horse Collar
43:16 Gold Mining
43:40 Town Patrol
45:14 Heavy Scorpion
46:22 Ballistics
47:04 Chemistry
46:43 Heavy Plow
46:54 Siege Engineers
47:01 Fortified Wall
47:22 Caravan
47:23 Halberdier
49:13 Blast Furnace
50:18 Murder Holes
52:35 Onager
gabrielc.c.f.c
10:54 Feudal Age
16:23 Castle Age
15:02 Horse Collar
16:49 Gold Mining
16:50 Stone Mining
17:56 Double-Bit Axe
20:17 Heavy Plow
21:43 Wheelbarrow
24:24 Hand Cart
24:34 Hand Cart
25:12 Bow Saw
31:56 Marauders
33:03 Light Cavalry
33:44 Husbandry
33:54 Bloodlines
33:36 Arson
33:52 Squires
33:13 Pikeman
34:04 Scale Barding Armor
34:11 Forging
34:01 Scale Mail Armor
36:38 Imperial Age
35:56 Chain Barding Armor
38:26 Plate Barding Armor
38:28 Iron Casting
38:08 Chain Mail Armor
37:20 Elite Tarkan
38:32 Ballistics
39:16 Chemistry
39:31 Hussar
43:28 Loom
45:05 Blast Furnace
44:20 Masonry
47:01 Halberdier
Alexander
11:31 Feudal Age
10:51 Loom
17:37 Castle Age
15:53 Double-Bit Axe
17:13 Forging
17:37 Horse Collar
21:53 Pikeman
22:46 Town Watch
23:16 Squires
23:02 Arson
22:46 Eagle Warrior
25:15 Fletching
27:43 Scale Mail Armor
28:23 Wheelbarrow
31:29 Hand Cart
32:08 Town Patrol
32:41 Chain Mail Armor
36:29 Imperial Age
34:42 Heavy Plow
36:36 Capped Ram
37:06 Elite Eagle Warrior
40:24 Plate Mail Armor
40:29 Iron Casting
40:50 Elite Eagle Warrior
43:20 Blast Furnace
49:52 Elite Eagle Warrior
50:43 Elite Eagle Warrior
IronWill
10:52 Feudal Age
14:53 Castle Age
13:15 Double-Bit Axe
13:11 Horse Collar
19:23 Bow Saw
19:23 Fletching
19:35 Scale Mail Armor
19:45 Forging
19:41 Gold Mining
19:48 Loom
22:31 Gold Shaft Mining
22:45 Chain Mail Armor
26:02 Bloodlines
27:58 Wheelbarrow
28:00 Husbandry
29:27 Chain Mail Armor
29:51 Iron Casting
33:37 Chain Mail Armor
35:03 Bodkin Arrow
39:14 Scale Barding Armor
42:11 Imperial Age
41:08 Chain Barding Armor
43:21 Conscription
43:23 Farimba
42:50 Heavy Camel Rider
44:23 Plate Barding Armor
43:55 Padded Archer Armor
43:45 Capped Ram
Connection lost

Rejoining the realm…

Still unreachable

The connection could not be restored.

Session expired

The server has moved on; the page needs a fresh start.